 Dungeon Crawl Stone Soup version 0.21.1-1-g345015f (webtiles) character file.

168 diana the Cudgeler (level 5, -2/33 HPs)
             Began as a Tengu Fighter on June 25, 2018.
             Was an Initiate of Ashenzari.
             Slain by an orc (4 damage)
             ... on level 3 of the Dungeon.
             The game lasted 00:02:00 (2049 turns).

diana the Cudgeler (Tengu Fighter)                  Turns: 2049, Time: 00:02:01

Health: -2/33      AC:  6    Str: 17    XL:     5   Next: 48%
Magic:  6/6        EV:  7    Int:  8    God:    Ashenzari [......]
Gold:   66         SH:  9    Dex: 14    Spells: 4/4 levels left

rFire    + + .     SeeInvis .   a - +0 flail
rCold    x . .     Gourm    .   c - +0 shield
rNeg     . . .     Faith    .   b - +0 scale mail
rPois    .         Spirit   .   (helmet restricted)
rElec    .         Reflect  .   (no cloak)
rCorr    .         Harm     .   (no gloves)
MR       .....                  (boots unavailable)
Stlth    ..........             (no amulet)
HPRegen  0.11/turn              o - ring of fire
MPRegen  0.10/turn              s - ring of protection from fire

@: no status effects
A: beak, talons 3, able to fly 1
a: Fly, Curse Item, Renounce Religion


You were on level 3 of the Dungeon.
You worshipped Ashenzari.
Ashenzari was noncommittal.
You were hungry.

You visited 1 branch of the dungeon, and saw 3 of its levels.

You collected 66 gold pieces.

Inventory:

Hand Weapons
 a - a +0 flail (weapon)
Armour
 b - a +0 scale mail (worn)
 c - a +0 shield (worn)
Jewellery
 o - a ring of fire (left hand)
 s - a ring of protection from fire (right hand)
Scrolls
 g - a scroll of immolation {unknown}
 k - 5 scrolls of enchant weapon {unknown}
 l - 2 scrolls of remove curse
 m - 3 scrolls of identify {unknown}
 q - a scroll of amnesia {unknown}
Potions
 d - a potion of might
 e - a potion of ambrosia {unknown}
 h - 2 potions of invisibility {unknown}
 i - 2 potions of degeneration {unknown}
 j - a potion of flight {unknown}
 n - a potion of resistance {unknown}
 p - a potion of lignification {unknown}
 r - a potion of agility {unknown}
Comestibles
 f - 7 rations


   Skills:
 + Level 4.2 Fighting
 * Level 5.1 Maces & Flails
 - Level 3.2 Armour
 - Level 3.0 Shields


You had 4 spell levels left.
You didn't know any spells.

Dungeon Overview and Level Annotations

Branches:
Dungeon (3/15)

Altars:
Ashenzari
Cheibriados
Elyvilon
Fedhas
Makhleb
Okawaru
Qazlal
Sif Muna
Uskayaw
Vehumet
Zin
The Shining One


Innate Abilities, Weirdness & Mutations

You have a beak for a mouth.
You have claws for feet.
You can fly.


Message History

You are too injured to fight recklessly!
You are too injured to fight recklessly!
You are too injured to fight recklessly!
You are too injured to fight recklessly!
You are too injured to fight recklessly!
You are too injured to fight recklessly!
You are too injured to fight recklessly!
Unknown command.
You are too injured to fight recklessly!
You are too injured to fight recklessly!
You hit the orc.
The orc is heavily wounded.
The orc hits you.
The orc priest mumbles some strange prayers to Beogh against you.
Beogh smites you!
* * * LOW HITPOINT WARNING * * *
You closely miss the orc.
The orc is heavily wounded.
The orc hits you.
You die...

............#
#.#
########.#.##
#.# .# # #.#
.# ##.# .#
#..# .# #.##
.# #.# #)#
#@# #o# #o#
$.# ###


You could see an orc priest and an orc.

Vanquished Creatures
  An orc priest (D:3)
  Jessica (D:2)
  Terence (D:2)
  3 gnolls (D:2)
  2 adders (D:2)
  An ooze (D:2)
  A dart slug (D:2)
  A leopard gecko (D:1)
  A giant cockroach (D:1)
  7 goblins
  4 hobgoblins
  3 jackals (D:1)
  A kobold (D:1)
  2 frilled lizards (D:1)
  8 rats
37 creatures vanquished.

Notes
Turn   | Place    | Note
-------+----------+-------------------------------------------
     0 | D:1      | diana the Tengu Fighter began the quest for the Orb.
     0 | D:1      | Reached XP level 1. HP: 14/14 MP: 2/2
   171 | D:1      | Reached XP level 2. HP: 19/19 MP: 3/3
   207 | D:1      | Reached skill level 3 in Maces & Flails
   604 | D:1      | Reached XP level 3. HP: 21/23 MP: 4/4
  1091 | D:2      | Noticed Terence
  1101 | D:2      | Killed Terence
  1101 | D:2      | Reached skill level 4 in Maces & Flails
  1101 | D:2      | Reached XP level 4. HP: 24/29 MP: 5/5
  1120 | D:2      | Noticed Jessica
  1133 | D:2      | Killed Jessica
  1141 | D:2      | Found a burning altar of Makhleb.
  1141 | D:2      | Found a white marble altar of Elyvilon.
  1143 | D:2      | Found a hide-covered altar of Uskayaw.
  1148 | D:2      | Found a snail-covered altar of Cheibriados.
  1150 | D:2      | Found a glowing golden altar of the Shining One.
  1150 | D:2      | Found an iron altar of Okawaru.
  1150 | D:2      | Found a shattered altar of Ashenzari.
  1150 | D:2      | Found a radiant altar of Vehumet.
  1150 | D:2      | Found a blossoming altar of Fedhas.
  1152 | D:2      | Found a stormy altar of Qazlal.
  1155 | D:2      | Found a deep blue altar of Sif Muna.
  1157 | D:2      | Found a glowing silver altar of Zin.
  1172 | D:2      | Became a worshipper of Ashenzari the Shackled
  1335 | D:2      | Gained mutation: You can fly. [Tengu growth]
  1335 | D:2      | Reached XP level 5. HP: 12/33 MP: 6/6
  2045 | D:3      | Reached skill level 5 in Maces & Flails
  2048 | D:3      | HP: 1/33 [orc priest/divine providence (13)]
  2049 | D:3      | Slain by an orc

Skill      XL: |  1  2  3  4  5 |
---------------+----------------+-----
Maces & Flails | 3 4 5 |  5.1
Fighting       | 4 |  4.2
Armour         | |  3.2
Shields        | |  3.0

Action                   |  1- 3 |  4- 6 || total
-------------------------+-------+-------++-------
Melee: Flail             |    74 |    38 ||   112
       Kick              |    18 |     9 ||    27
       Peck              |     8 |     2 ||    10
  Eat: Chunk             |       |     3 ||     3
Armor: Scale mail        |    26 |     4 ||    30
Dodge: Dodged            |    12 |     9 ||    21
Block: Shield            |    38 |    14 ||    52
